Pittsburgh Penguins vs Nashville Predators (R2)

Created - Tuesday, January 20, 2026 at 08:14

Goals
1 2 3 T
Pittsburgh Penguins 2 0 2 4
Nashville Predators 1 0 1 2
Shots
1 2 3 T
Pittsburgh Penguins 19 3 14 36
Nashville Predators 16 9 8 33

1st period

1. Nashville Predators , Emil Heineman 1 (Eetu Luostarinen 2, Marco Kasper 5) at 8:05
2. Pittsburgh Penguins , Tage Thompson 2 (Pavel Buchnevich 3, Erik Karlsson 1) at 15:30 (PP)
3. Pittsburgh Penguins , Mitchell Marner 3 (Sam Reinhart 3) at 16:26

Penalties :
Matthew Tkachuk (NSH) for Goalie Interference (Minor) at 14:55

2nd period

No Goal

Penalties :
Matthew Tkachuk (NSH) for Interference (Minor) at 0:18, Dmitri Voronkov (NSH) for Holding (Minor) at 4:14, Jordan Eberle (PIT) for Interference (Minor) at 6:48, Carson Soucy (PIT) for Holding (Minor) at 14:40, Brian Dumoulin (PIT) for Hooking (Minor) at 19:51

3rd period

4. Nashville Predators , Matthew Tkachuk 4 (John-Jason Peterka 3, Brandon Montour 2) at 0:14 (PP)
5. Pittsburgh Penguins , Travis Sanheim 1 (Tage Thompson 4, Erik Karlsson 2) at 4:43
6. Pittsburgh Penguins , Ryan O'Reilly 3 (Jordan Eberle 1, Blake Coleman 2) at 19:20 (Empty Net)

Penalties :
Marco Kasper (NSH) for Cross-checking (Minor) at 11:54, Jordan Spence (NSH) for Cross-checking (Minor) at 15:11, Kris Letang (NSH) for Roughing (Minor) at 15:35, Alexey Toropchenko (NSH) for Tripping (Minor) at 19:23

Goalie Stats

Jordan Binnington (PIT), 31 saves from 33 shots - (0.939), W, 1-2-0, 60:00 minutes
Anthony Stolarz (NSH), 32 saves from 35 shots - (0.914), L, 5-1-0, 59:12 minutes

Players Stats for Pittsburgh Penguins

Player Name              G  A  P  +/- PIM S  H  SB GA TA FO     MP     PP MP  PK MP  
------------------------------------------------------------------------------------
Blake Coleman            0  1  1   1  0   3  3  0  1  1  1/1    13:16   0:00   0:06 
Brian Dumoulin           0  0  0   1  2   2  2  0  0  1  0/0    20:48   4:47   2:17 
Carson Soucy             0  0  0   0  2   0  1  0  0  0  0/0    13:23   0:00   0:00 
Christian Dvorak         0  0  0   0  0   1  0  0  0  0  0/0     8:27   0:00   0:00 
Erik Gudbranson          0  0  0   0  0   0  0  1  0  2  0/0    13:16   0:00   0:00 
Erik Karlsson            0  2  2   1  0   6  0  2  1  0  0/0    25:55   4:44   2:04 
Gabriel Vilardi          0  0  0   1  0   1  2  0  0  0  0/0    17:07   4:47   0:00 
Jordan Eberle            0  1  1   1  2   3  0  1  0  2  1/1    13:01   0:00   0:00 
Leon Draisaitl           0  0  0   0  0   1  2  0  0  0  7/11   19:11   4:44   2:16 
Mattias Ekholm           0  0  0   1  0   0  1  0  0  2  0/0    20:49   4:47   2:17 
Mitchell Marner          1  0  1   0  0   1  0  1  0  0  1/2    19:11   4:44   2:16 
Pavel Buchnevich         0  1  1   1  0   4  0  0  0  0  1/3    17:07   4:47   0:00 
Phillip Danault          0  0  0   0  0   1  0  1  1  0  3/6     8:27   0:00   0:00 
Ryan O'Reilly            1  0  1   1  0   3  1  0  0  0  5/8    13:02   0:00   0:00 
Sam Reinhart             0  1  1   0  0   0  3  0  1  1  3/6    18:57   4:44   2:02 
Tage Thompson            1  1  2   1  0   7  3  0  1  0  10/19  19:17   4:47   2:02 
Travis Sanheim           1  0  1   1  0   3  0  3  0  1  0/0    25:55   4:44   2:04 
Zemgus Girgensons        0  0  0   0  0   0  0  0  0  0  0/0     8:27   0:00   0:00 

Players Stats for Nashville Predators

Player Name              G  A  P  +/- PIM S  H  SB GA TA FO     MP     PP MP  PK MP  
------------------------------------------------------------------------------------
Alex Pietrangelo         0  0  0   0  0   0  3  2  0  1  0/0    21:11   2:06   4:23 
Alexey Toropchenko       0  0  0  -1  2   1  2  0  1  0  0/0    12:10   0:00   3:30 
Brandon Montour          0  1  1  -2  0   1  0  1  0  1  0/0    14:49   2:15   0:23 
Dmitri Voronkov          0  0  0   0  2   1  3  0  1  0  0/0    12:43   2:05   0:00 
Eetu Luostarinen         0  1  1   0  0   3  1  1  2  0  0/0    15:18   0:00   3:28 
Emil Heineman            1  0  1   0  0   8  4  0  1  0  0/1    12:51   0:00   0:41 
Jack Roslovic            0  0  0  -1  0   1  0  0  0  0  4/9    11:16   2:05   0:00 
Jean-Gabriel Pageau      0  0  0   0  0   3  2  1  0  0  5/11   15:29   0:00   4:44 
John-Jason Peterka       0  1  1  -1  0   3  0  1  3  1  0/0    16:18   2:16   0:00 
Jordan Spence            0  0  0   0  2   0  2  2  0  1  0/0    16:35   2:15   0:17 
Kris Letang              0  0  0  -2  2   1  1  1  0  0  0/0    23:46   2:06   3:17 
Marco Kasper             0  1  1   0  2   0  2  0  0  0  2/7    13:25   2:05   0:00 
Matthew Tkachuk          1  0  1  -1  4   4  0  1  0  0  0/1    16:23   2:16   0:00 
Pius Suter               0  0  0  -1  0   2  1  0  0  0  13/27  20:53   2:16   4:35 
Rasmus Ristolainen       0  0  0   0  0   0  0  2  1  1  0/0    19:31   0:00   5:50 
Simon Benoit             0  0  0   0  0   2  1  3  0  0  0/0    24:23   0:00   5:08 
Yegor Chinakhov          0  0  0   0  0   2  0  0  1  0  1/1    11:10   0:00   0:00 
Yegor Sharangovich       0  0  0  -1  0   1  0  0  0  0  0/0    10:36   0:00   0:12 

3 Stars

1 - Tage Thompson (PIT)
2 - Travis Sanheim (PIT)
3 - Ryan O'Reilly (PIT)

Power Play

Pittsburgh Penguins - 1 on 7 Attempt(s) - 14.29%
Nashville Predators - 1 on 3 Attempt(s) - 33.33%

Penalty Kill

Pittsburgh Penguins - 2 on 3 Attempt(s) - 66.67% - Score 0 goal in Penalty Kill
Nashville Predators - 6 on 7 Attempt(s) - 85.71% - Score 0 goal in Penalty Kill

Team Stat

Pittsburgh Penguins - Hits : 18 - Faceoff Wins : 32 - Blocked Shots : 9 - Penalty Minutes : 6
Nashville Predators - Hits : 22 - Faceoff Wins : 25 - Blocked Shots : 15 - Penalty Minutes : 14

Official

Referees : Trevor Hanson and Graham Skilliter
Linesman : Unknown

Game Notes

3:28 of 2nd period - Nashville Predators goal is going for a video replay. After video review, No Goal. The puck has been kicked using a distinct kicking motion.
Ryan O'Reilly has scored in a empty net!

Finance

Level 1 -- Attendance: 4173 (69.55%) -- Ticket Income $417,300
Level 2 -- Attendance: 4086 (81.72%) -- Ticket Income $245,160
Level 3 -- Attendance: 2685 (89.50%) -- Ticket Income $93,975
Level 4 -- Attendance: 3594 (71.88%) -- Ticket Income $89,850
Luxury Box -- Attendance: 815 (81.50%) -- Ticket Income $163,000
Game was played at the Bridgestone Arena.
Total Attendance: 15353 (76.77%)
Total Ticket Income: $1,009,285
Other Income: $353,250
Total Income: $1,362,535

Pittsburgh Penguins

5 vs 5 Forward 
   Center                   Left Wing                Right Wing               Time % Phy DF OF 
 1 Leon Draisaitl           Sam Reinhart             Mitchell Marner          30     1   2  2  
 2 Tage Thompson            Pavel Buchnevich         Gabriel Vilardi          30     1   2  2  
 3 Ryan O'Reilly            Blake Coleman            Jordan Eberle            25     1   2  2  
 4 Phillip Danault          Zemgus Girgensons        Christian Dvorak         15     1   2  2  

5 vs 5 Defense 
   Defense                  Defense                                           Time % Phy DF OF 
 1 Travis Sanheim           Erik Karlsson                                     30     1   2  2  
 2 Brian Dumoulin           Mattias Ekholm                                    30     1   2  2  
 3 Carson Soucy             Erik Gudbranson                                   25     1   2  2  
 4 Travis Sanheim           Erik Karlsson                                     15     1   2  2  

PowerPlay Forward 
   Center                   Left Wing                Right Wing               Time % Phy DF OF 
 1 Leon Draisaitl           Sam Reinhart             Mitchell Marner          50     1   2  2  
 2 Tage Thompson            Pavel Buchnevich         Gabriel Vilardi          50     1   2  2  

PowerPlay Defense
   Defense                  Defense                                           Time % Phy DF OF 
 1 Travis Sanheim           Erik Karlsson                                     50     1   2  2  
 2 Brian Dumoulin           Mattias Ekholm                                    50     1   2  2  

Penalty Kill 4 Players Forward 
   Center                   Wing                     Time % Phy DF OF 
 1 Mitchell Marner          Leon Draisaitl           50     1   2  2  
 2 Sam Reinhart             Tage Thompson            50     1   2  2  

Penalty Kill 4 Players Defense
   Defense                  Defense                  Time % Phy DF OF 
 1 Travis Sanheim           Erik Karlsson            50     1   2  2  
 2 Brian Dumoulin           Mattias Ekholm           50     1   2  2  

Penalty Kill - 3 Players Forward 
   Forward                                           Time % Phy DF OF 
 1 Mitchell Marner                                   50     1   2  2  
 2 Leon Draisaitl                                    50     1   2  2  

Penalty Kill - 3 Players Defense
   Defense                  Defense                  Time % Phy DF OF 
 1 Travis Sanheim           Erik Karlsson            50     1   2  2  
 2 Brian Dumoulin           Mattias Ekholm           50     1   2  2  

4 vs 4 Forward 
   Center                   Wing                     Time % Phy DF OF 
 1 Mitchell Marner          Leon Draisaitl           50     1   2  2  
 2 Sam Reinhart             Tage Thompson            50     1   2  2  

4 vs 4 Defense
   Defense                  Defense                  Time % Phy DF OF 
 1 Travis Sanheim           Erik Karlsson            50     1   2  2  
 2 Brian Dumoulin           Mattias Ekholm           50     1   2  2  

Last Minutes Offensive
   Center                   Left Wing                Right Wing               Defense                  Defense                  
   Leon Draisaitl           Sam Reinhart             Mitchell Marner          Travis Sanheim           Erik Karlsson            

Last Minutes Defensive
   Center                   Left Wing                Right Wing               Defense                  Defense                  
   Leon Draisaitl           Sam Reinhart             Mitchell Marner          Travis Sanheim           Erik Karlsson            

Goaltenders
Starting : Jordan Binnington        
Backup : John Gibson              

Extra Forwards
Normal : Christian Dvorak, Ryan O'Reilly, Blake Coleman - PP : Christian Dvorak, Ryan O'Reilly - PK : Blake Coleman
Extra Defensemen
Normal : Carson Soucy, Erik Gudbranson, Brian Dumoulin - PP : Carson Soucy - PK : Erik Gudbranson, Brian Dumoulin
Penalty Shots
Mitchell Marner, Leon Draisaitl, Sam Reinhart, Tage Thompson, Ryan O'Reilly

Scratches
None

Nashville Predators

5 vs 5 Forward 
   Center                   Left Wing                Right Wing               Time % Phy DF OF 
 1 Pius Suter               Matthew Tkachuk          John-Jason Peterka       30     1   2  2  
 2 Jean-Gabriel Pageau      Dmitri Voronkov          Yegor Chinakhov          25     1   2  2  
 3 Marco Kasper             Emil Heineman            Eetu Luostarinen         25     1   2  2  
 4 Jack Roslovic            Alexey Toropchenko       Yegor Sharangovich       20     1   2  2  

5 vs 5 Defense 
   Defense                  Defense                                           Time % Phy DF OF 
 1 Rasmus Ristolainen       Simon Benoit                                      30     1   2  2  
 2 Alex Pietrangelo         Jordan Spence                                     30     1   2  2  
 3 Brandon Montour          Kris Letang                                       25     1   2  2  
 4 Kris Letang              Simon Benoit                                      15     1   2  2  

PowerPlay Forward 
   Center                   Left Wing                Right Wing               Time % Phy DF OF 
 1 Pius Suter               Matthew Tkachuk          John-Jason Peterka       50     0   2  3  
 2 Marco Kasper             Dmitri Voronkov          Jack Roslovic            50     1   2  2  

PowerPlay Defense
   Defense                  Defense                                           Time % Phy DF OF 
 1 Brandon Montour          Jordan Spence                                     50     1   2  2  
 2 Alex Pietrangelo         Kris Letang                                       50     1   2  2  

Penalty Kill 4 Players Forward 
   Center                   Wing                     Time % Phy DF OF 
 1 Pius Suter               Eetu Luostarinen         50     1   2  2  
 2 Jean-Gabriel Pageau      Alexey Toropchenko       50     1   2  2  

Penalty Kill 4 Players Defense
   Defense                  Defense                  Time % Phy DF OF 
 1 Simon Benoit             Rasmus Ristolainen       50     1   2  2  
 2 Alex Pietrangelo         Kris Letang              50     1   2  2  

Penalty Kill - 3 Players Forward 
   Forward                                           Time % Phy DF OF 
 1 Pius Suter                                        50     1   2  2  
 2 Jean-Gabriel Pageau                               50     1   2  2  

Penalty Kill - 3 Players Defense
   Defense                  Defense                  Time % Phy DF OF 
 1 Simon Benoit             Rasmus Ristolainen       50     1   2  2  
 2 Alex Pietrangelo         Kris Letang              50     1   2  2  

4 vs 4 Forward 
   Center                   Wing                     Time % Phy DF OF 
 1 Pius Suter               Matthew Tkachuk          50     1   2  2  
 2 Jean-Gabriel Pageau      John-Jason Peterka       50     1   2  2  

4 vs 4 Defense
   Defense                  Defense                  Time % Phy DF OF 
 1 Rasmus Ristolainen       Simon Benoit             50     1   2  2  
 2 Alex Pietrangelo         Kris Letang              50     1   2  2  

Last Minutes Offensive
   Center                   Left Wing                Right Wing               Defense                  Defense                  
   Pius Suter               Matthew Tkachuk          John-Jason Peterka       Brandon Montour          Jordan Spence            

Last Minutes Defensive
   Center                   Left Wing                Right Wing               Defense                  Defense                  
   Jean-Gabriel Pageau      Pius Suter               Eetu Luostarinen         Simon Benoit             Rasmus Ristolainen       

Goaltenders
Starting : Anthony Stolarz          
Backup : Thatcher Demko           

Extra Forwards
Normal : Jack Roslovic, Marco Kasper, Dmitri Voronkov - PP : Marco Kasper, Yegor Chinakhov - PK : Emil Heineman
Extra Defensemen
Normal : Brandon Montour, Jordan Spence, Alex Pietrangelo - PP : Rasmus Ristolainen - PK : Brandon Montour, Jordan Spence
Penalty Shots
John-Jason Peterka, Jean-Gabriel Pageau, Pius Suter, Dmitri Voronkov, Eetu Luostarinen

Scratches
Dante Fabbro (Healthy), Parker Wotherspoon (Healthy), Cayden Primeau (Healthy), Henrik Tikkanen (Healthy), Mads Sogaard (Healthy)

% Time on Ice - Pittsburgh Penguins

Lines # - Real PCT - Wanted PCT - Time Play
Normal Forward
1 - 26% - 30% - 12:11
2 - 27% - 30% - 12:28
3 - 28% - 25% - 13:02
4 - 18% - 15% - 8:27
Normal Defense
1 - 30% - 30% - 13:54
2 - 30% - 30% - 13:45
3 - 29% - 25% - 13:16
4 - 11% - 15% - 5:13
PP Forward
1 - 50% - 50% - 4:44
2 - 50% - 50% - 4:47
PP Defense
1 - 50% - 50% - 4:44
2 - 50% - 50% - 4:47
PK Forward
1 - 52% - 50% - 2:16
2 - 48% - 50% - 2:05
PK Defense
1 - 48% - 50% - 2:04
2 - 52% - 50% - 2:17
PK3 Forward
1 - 0% - 50%
2 - 0% - 50%
PK3 Defense
1 - 0% - 50%
2 - 0% - 50%
44 Forward
1 - 0% - 50%
2 - 0% - 50%
44 Defense
1 - 0% - 50%
2 - 0% - 50%
Last Minute Offensive  - 0:00
Last Minute Defensive  - 0:00
Total
Forward - 60:00
Defense - 60:00

% Time on Ice - Nashville Predators

Lines # - Real PCT - Wanted PCT - Time Play
Normal Forward
1 - 30% - 30% - 13:47
2 - 25% - 25% - 11:15
3 - 26% - 25% - 11:50
4 - 19% - 20% - 8:41
Normal Defense
1 - 29% - 30% - 13:01
2 - 32% - 30% - 14:42
3 - 27% - 25% - 12:11
4 - 12% - 15% - 5:39
PP Forward
1 - 52% - 50% - 2:16
2 - 48% - 50% - 2:05
PP Defense
1 - 52% - 50% - 2:15
2 - 48% - 50% - 2:06
PK Forward
1 - 50% - 50% - 3:57
2 - 50% - 50% - 3:59
PK Defense
1 - 53% - 50% - 4:14
2 - 47% - 50% - 3:42
PK3 Forward
1 - 53% - 50% - 0:50
2 - 47% - 50% - 0:45
PK3 Defense
1 - 57% - 50% - 0:54
2 - 43% - 50% - 0:41
44 Forward
1 - 0% - 50%
2 - 0% - 50%
44 Defense
1 - 0% - 50%
2 - 0% - 50%
Last Minute Offensive  - 0:35
Last Minute Defensive  - 0:00
Total
Forward - 60:00
Defense - 60:00

Play-by-Play

1st period


0:01 of 1st period - Sam Reinhart wins face-off versus Pius Suter in neutral zone.
0:26 of 1st period - Travis Sanheim is hit by Dmitri Voronkov.
0:36 of 1st period - Snap shot by Tage Thompson.
0:36 of 1st period - Shot Misses the Net.
1:12 of 1st period - Wrist shot by Yegor Sharangovich.
1:12 of 1st period - Stopped by Jordan Binnington with a rebound.
1:14 of 1st period - Wrist shot by Alexey Toropchenko.
1:14 of 1st period - Stopped by Jordan Binnington with a rebound.
1:16 of 1st period - Slapshot by Alexey Toropchenko.
1:16 of 1st period - Shot Blocked by Phillip Danault.
1:50 of 1st period - Alex Pietrangelo is hit by Leon Draisaitl and loses puck.
1:59 of 1st period - Wrist shot by Pius Suter.
1:59 of 1st period - Stopped by Jordan Binnington without a rebound.
2:00 of 1st period - Yegor Chinakhov wins face-off versus Tage Thompson in Pittsburgh Penguins zone.
2:01 of 1st period - Wrist shot by Dmitri Voronkov.
2:01 of 1st period - Shot Blocked by Erik Gudbranson.
2:15 of 1st period - Slapshot by Dmitri Voronkov.
2:15 of 1st period - Shot Hit the Post.
2:38 of 1st period - Carson Soucy is hit by Marco Kasper and loses puck.
3:01 of 1st period - Wrist shot by Christian Dvorak.
3:01 of 1st period - Stopped by Anthony Stolarz with a rebound.
3:21 of 1st period - Snap shot by Mitchell Marner.
3:21 of 1st period - Shot Misses the Net.
3:33 of 1st period - Wrist shot by Yegor Chinakhov.
3:33 of 1st period - Stopped by Jordan Binnington with a rebound.
3:35 of 1st period - Wrist shot by Rasmus Ristolainen.
3:35 of 1st period - Shot Blocked by Travis Sanheim.
3:39 of 1st period - Wrist shot by Dmitri Voronkov.
3:39 of 1st period - Shot Blocked by Travis Sanheim.
3:41 of 1st period - Wrist shot by Jean-Gabriel Pageau.
3:41 of 1st period - Shot Misses the Net.
3:43 of 1st period - Snap shot by Simon Benoit.
3:43 of 1st period - Stopped by Jordan Binnington with a rebound.
3:57 of 1st period - Snap shot by Tage Thompson.
3:57 of 1st period - Stopped by Anthony Stolarz without a rebound.
3:58 of 1st period - Marco Kasper wins face-off versus Ryan O'Reilly in Nashville Predators zone.
4:11 of 1st period - Snap shot by Ryan O'Reilly.
4:11 of 1st period - Shot Blocked by Brandon Montour.
4:23 of 1st period - Mattias Ekholm is hit by Kris Letang and loses puck.
4:35 of 1st period - Off-side.
4:36 of 1st period - Leon Draisaitl wins face-off versus Jean-Gabriel Pageau in neutral zone.
5:13 of 1st period - Snap shot by Gabriel Vilardi.
5:13 of 1st period - Shot Blocked by Jean-Gabriel Pageau.
5:29 of 1st period - Snap shot by Matthew Tkachuk.
5:29 of 1st period - Stopped by Jordan Binnington without a rebound.
5:30 of 1st period - Pius Suter wins face-off versus Ryan O'Reilly in Pittsburgh Penguins zone.
5:31 of 1st period - Snap shot by John-Jason Peterka.
5:31 of 1st period - Stopped by Jordan Binnington without a rebound.
5:32 of 1st period - Pius Suter wins face-off versus Phillip Danault in Pittsburgh Penguins zone.
5:41 of 1st period - Wrist shot by Christian Dvorak.
5:41 of 1st period - Shot Misses the Net.
5:45 of 1st period - Wrist shot by Phillip Danault.
5:45 of 1st period - Stopped by Anthony Stolarz with a rebound.
5:57 of 1st period - Erik Karlsson is hit by Jordan Spence and loses puck.
6:02 of 1st period - Snap shot by Emil Heineman.
6:02 of 1st period - Stopped by Jordan Binnington without a rebound.
6:03 of 1st period - Ryan O'Reilly wins face-off versus Jack Roslovic in Pittsburgh Penguins zone.
6:40 of 1st period - Erik Gudbranson is hit by Eetu Luostarinen and loses puck.
7:27 of 1st period - Wrist shot by Leon Draisaitl.
7:27 of 1st period - Stopped by Anthony Stolarz with a rebound.
7:36 of 1st period - Icing by Leon Draisaitl.
7:37 of 1st period - Ryan O'Reilly wins face-off versus Jack Roslovic in Pittsburgh Penguins zone.
7:50 of 1st period - Slapshot by Blake Coleman.
7:50 of 1st period - Stopped by Anthony Stolarz without a rebound.
7:51 of 1st period - Marco Kasper wins face-off versus Leon Draisaitl in Nashville Predators zone.
8:03 of 1st period - Snap shot by Emil Heineman.
8:03 of 1st period - Shot Misses the Net.
8:05 of 1st period - Snap shot by Emil Heineman.
8:05 of 1st period - Goal by Emil Heineman - Pittsburgh Penguins : 0 - Nashville Predators : 1.
8:06 of 1st period - Phillip Danault wins face-off versus Pius Suter in neutral zone.
8:13 of 1st period - Slapshot by Erik Karlsson.
8:13 of 1st period - Shot Blocked by John-Jason Peterka.
9:09 of 1st period - Slapshot by Mitchell Marner.
9:09 of 1st period - Shot Blocked by Jordan Spence.
9:41 of 1st period - Wrist shot by Yegor Chinakhov.
9:41 of 1st period - Stopped by Jordan Binnington without a rebound.
9:42 of 1st period - Blake Coleman wins face-off versus Matthew Tkachuk in Pittsburgh Penguins zone.
9:53 of 1st period - Kris Letang is hit by Blake Coleman and loses puck.
10:18 of 1st period - Slapshot by Simon Benoit.
10:18 of 1st period - Stopped by Jordan Binnington with a rebound.
10:27 of 1st period - Icing by Gabriel Vilardi.
10:28 of 1st period - Phillip Danault wins face-off versus Marco Kasper in Pittsburgh Penguins zone.
11:25 of 1st period - Wrist shot by Blake Coleman.
11:25 of 1st period - Stopped by Anthony Stolarz without a rebound.
11:26 of 1st period - Phillip Danault wins face-off versus Jack Roslovic in Nashville Predators zone.
11:51 of 1st period - Blake Coleman is hit by Pius Suter and loses puck.
12:25 of 1st period - Off-side.
12:26 of 1st period - Tage Thompson wins face-off versus Pius Suter in neutral zone.
12:35 of 1st period - Wrist shot by Tage Thompson.
12:35 of 1st period - Shot Hit the Post.
12:37 of 1st period - Slapshot by Erik Karlsson.
12:37 of 1st period - Shot Blocked by Rasmus Ristolainen.
12:39 of 1st period - Slapshot by Travis Sanheim.
12:39 of 1st period - Shot Blocked by Rasmus Ristolainen.
13:00 of 1st period - Snap shot by Yegor Sharangovich.
13:00 of 1st period - Shot Blocked by Jordan Eberle.
13:20 of 1st period - Snap shot by Dmitri Voronkov.
13:20 of 1st period - Stopped by Jordan Binnington without a rebound.
13:21 of 1st period - Leon Draisaitl wins face-off versus Jean-Gabriel Pageau in Pittsburgh Penguins zone.
13:33 of 1st period - Wrist shot by Jean-Gabriel Pageau.
13:33 of 1st period - Stopped by Jordan Binnington with a rebound.
13:35 of 1st period - Slapshot by Brandon Montour.
13:35 of 1st period - Stopped by Jordan Binnington with a rebound.
13:37 of 1st period - Slapshot by Kris Letang.
13:37 of 1st period - Stopped by Jordan Binnington without a rebound.
13:38 of 1st period - Pius Suter wins face-off versus Tage Thompson in Pittsburgh Penguins zone.
13:51 of 1st period - Slapshot by Matthew Tkachuk.
13:51 of 1st period - Stopped by Jordan Binnington without a rebound.
13:52 of 1st period - Ryan O'Reilly wins face-off versus Marco Kasper in Pittsburgh Penguins zone.
13:59 of 1st period - Snap shot by Ryan O'Reilly.
13:59 of 1st period - Stopped by Anthony Stolarz with a rebound.
14:01 of 1st period - Slapshot by Jordan Eberle.
14:01 of 1st period - Stopped by Anthony Stolarz without a rebound.
14:02 of 1st period - Jordan Eberle wins face-off versus Marco Kasper in Nashville Predators zone.
14:38 of 1st period - Wrist shot by Blake Coleman.
14:38 of 1st period - Stopped by Anthony Stolarz with a rebound.
14:40 of 1st period - Snap shot by Jordan Eberle.
14:40 of 1st period - Stopped by Anthony Stolarz with a rebound.
14:42 of 1st period - Slapshot by Erik Karlsson.
14:42 of 1st period - Shot Blocked by Eetu Luostarinen.
14:44 of 1st period - Snap shot by Travis Sanheim.
14:44 of 1st period - Shot Blocked by Jordan Spence.
14:46 of 1st period - Snap shot by Erik Karlsson.
14:46 of 1st period - Stopped by Anthony Stolarz with a rebound.
14:48 of 1st period - Snap shot by Erik Karlsson.
14:48 of 1st period - Stopped by Anthony Stolarz without a rebound.
14:49 of 1st period - Tage Thompson wins face-off versus Pius Suter in Nashville Predators zone.
14:55 of 1st period - Minor Penalty to Matthew Tkachuk for Goalie Interference.
14:56 of 1st period - Leon Draisaitl wins face-off versus Jean-Gabriel Pageau in Nashville Predators zone.
15:11 of 1st period - Simon Benoit is hit by Sam Reinhart and loses puck.
15:30 of 1st period - Backhand shot by Tage Thompson.
15:30 of 1st period - Goal by Tage Thompson - Pittsburgh Penguins : 1 - Nashville Predators : 1.
15:31 of 1st period - Pius Suter wins face-off versus Tage Thompson in neutral zone.
15:42 of 1st period - Snap shot by Pavel Buchnevich.
15:42 of 1st period - Stopped by Anthony Stolarz with a rebound.
16:26 of 1st period - Wrist shot by Mitchell Marner.
16:26 of 1st period - Goal by Mitchell Marner - Pittsburgh Penguins : 2 - Nashville Predators : 1.
16:27 of 1st period - Tage Thompson wins face-off versus Jack Roslovic in neutral zone.
16:34 of 1st period - Wrist shot by Gabriel Vilardi.
16:34 of 1st period - Stopped by Anthony Stolarz with a rebound.
16:36 of 1st period - Slapshot by Erik Karlsson.
16:36 of 1st period - Deflect By Simon Benoit.
16:36 of 1st period - Stopped by Anthony Stolarz without a rebound.
16:37 of 1st period - Jack Roslovic wins face-off versus Pavel Buchnevich in Nashville Predators zone.
16:37 of 1st period - Jack Roslovic is hit by Gabriel Vilardi.
17:09 of 1st period - Backhand shot by Tage Thompson.
17:09 of 1st period - Stopped by Anthony Stolarz with a rebound.
17:11 of 1st period - Slapshot by Travis Sanheim.
17:11 of 1st period - Stopped by Anthony Stolarz without a rebound.
17:12 of 1st period - Jean-Gabriel Pageau wins face-off versus Leon Draisaitl in Nashville Predators zone.
17:17 of 1st period - Leon Draisaitl is hit by Jean-Gabriel Pageau and loses puck.
18:01 of 1st period - Ryan O'Reilly is hit by Emil Heineman and loses puck.
18:20 of 1st period - Kris Letang is hit by Sam Reinhart and loses puck.
18:43 of 1st period - Pavel Buchnevich is hit by Dmitri Voronkov and loses puck.
19:23 of 1st period - Snap shot by Jack Roslovic.
19:23 of 1st period - Shot Misses the Net.
19:29 of 1st period - Snap shot by Christian Dvorak.
19:29 of 1st period - Deflect By Phillip Danault.
19:29 of 1st period - Shot Misses the Net.
19:29 of 1st period - Puck is out of play.
19:30 of 1st period - Sam Reinhart wins face-off versus Jean-Gabriel Pageau in Nashville Predators zone.
Goals for this period are 2 for Pittsburgh Penguins vs 1 for Nashville Predators.
Shots for this period are 19 for Pittsburgh Penguins vs 16 for Nashville Predators.

2nd period


0:01 of 2nd period - Pius Suter wins face-off versus Tage Thompson in neutral zone.
0:04 of 2nd period - Travis Sanheim is hit by Simon Benoit and loses puck.
0:18 of 2nd period - Minor Penalty to Matthew Tkachuk for Interference.
0:19 of 2nd period - Tage Thompson wins face-off versus Pius Suter in Nashville Predators zone.
0:46 of 2nd period - Sam Reinhart is hit by Alex Pietrangelo and loses puck.
2:18 of 2nd period - Penalty to Matthew Tkachuk is over, Matthew Tkachuk is back on ice.
2:30 of 2nd period - Snap shot by Emil Heineman.
2:30 of 2nd period - Stopped by Jordan Binnington without a rebound.
2:31 of 2nd period - Ryan O'Reilly wins face-off versus Jack Roslovic in Pittsburgh Penguins zone.
2:56 of 2nd period - Wrist shot by Eetu Luostarinen.
2:56 of 2nd period - Stopped by Jordan Binnington with a rebound.
2:58 of 2nd period - Slapshot by Brandon Montour.
2:58 of 2nd period - Shot Misses the Net.
3:00 of 2nd period - Snap shot by Eetu Luostarinen.
3:00 of 2nd period - Stopped by Jordan Binnington with a rebound.
3:02 of 2nd period - Snap shot by Eetu Luostarinen.
3:02 of 2nd period - Deflect By Jordan Eberle.
3:02 of 2nd period - Shot Misses the Net.
3:02 of 2nd period - Puck is out of play.
3:03 of 2nd period - Leon Draisaitl wins face-off versus Marco Kasper in Pittsburgh Penguins zone.
3:26 of 2nd period - Wrist shot by Eetu Luostarinen.
3:26 of 2nd period - Stopped by Jordan Binnington with a rebound.
3:28 of 2nd period - Wrist shot by Emil Heineman.
3:28 of 2nd period - Nashville Predators goal is going for a video replay.
3:28 of 2nd period - The goal is refused. The puck has been kicked using a distinct kicking motion..
3:29 of 2nd period - Pius Suter wins face-off versus Tage Thompson in Pittsburgh Penguins zone.
4:14 of 2nd period - Minor Penalty to Dmitri Voronkov for Holding.
4:15 of 2nd period - Pius Suter wins face-off versus Sam Reinhart in Nashville Predators zone.
4:53 of 2nd period - Wrist shot by Pavel Buchnevich.
4:53 of 2nd period - Stopped by Anthony Stolarz with a rebound.
6:13 of 2nd period - Kris Letang is hit by Tage Thompson and loses puck.
6:14 of 2nd period - Penalty to Dmitri Voronkov is over, Dmitri Voronkov is back on ice.
6:30 of 2nd period - Wrist shot by Ryan O'Reilly.
6:30 of 2nd period - Stopped by Anthony Stolarz without a rebound.
6:31 of 2nd period - Jean-Gabriel Pageau wins face-off versus Ryan O'Reilly in Nashville Predators zone.
6:31 of 2nd period - Jean-Gabriel Pageau is hit by Blake Coleman.
6:48 of 2nd period - Minor Penalty to Jordan Eberle for Interference.
6:49 of 2nd period - Mitchell Marner wins face-off versus Pius Suter in Pittsburgh Penguins zone.
8:48 of 2nd period - Penalty to Jordan Eberle is over, Jordan Eberle is back on ice.
8:55 of 2nd period - Wrist shot by Emil Heineman.
8:55 of 2nd period - Stopped by Jordan Binnington with a rebound.
8:57 of 2nd period - Snap shot by Eetu Luostarinen.
8:57 of 2nd period - Shot Blocked by Erik Karlsson.
8:59 of 2nd period - Slapshot by Emil Heineman.
8:59 of 2nd period - Stopped by Jordan Binnington with a rebound.
10:44 of 2nd period - Wrist shot by Jordan Eberle.
10:44 of 2nd period - Stopped by Anthony Stolarz without a rebound.
10:45 of 2nd period - Jack Roslovic wins face-off versus Sam Reinhart in Nashville Predators zone.
10:45 of 2nd period - Jack Roslovic is hit by Mattias Ekholm.
11:05 of 2nd period - John-Jason Peterka is hit by Brian Dumoulin.
11:38 of 2nd period - Wrist shot by John-Jason Peterka.
11:38 of 2nd period - Stopped by Jordan Binnington without a rebound.
11:39 of 2nd period - Jack Roslovic wins face-off versus Leon Draisaitl in Pittsburgh Penguins zone.
12:06 of 2nd period - Erik Gudbranson is hit by Alex Pietrangelo and loses puck.
12:31 of 2nd period - Slapshot by Ryan O'Reilly.
12:31 of 2nd period - Shot Misses the Net.
12:58 of 2nd period - Wrist shot by Matthew Tkachuk.
12:58 of 2nd period - Stopped by Jordan Binnington with a rebound.
13:34 of 2nd period - Brian Dumoulin is hit by Alex Pietrangelo and loses puck.
13:41 of 2nd period - Tage Thompson is hit by Jordan Spence and loses puck.
14:00 of 2nd period - Jean-Gabriel Pageau is hit by Ryan O'Reilly and loses puck.
14:13 of 2nd period - Erik Karlsson is hit by Jean-Gabriel Pageau and loses puck.
14:40 of 2nd period - Minor Penalty to Carson Soucy for Holding.
14:41 of 2nd period - Sam Reinhart wins face-off versus Pius Suter in Pittsburgh Penguins zone.
14:52 of 2nd period - Slapshot by Jordan Spence.
14:52 of 2nd period - Shot Blocked by Mitchell Marner.
14:54 of 2nd period - Snap shot by Matthew Tkachuk.
14:54 of 2nd period - Shot Misses the Net.
15:22 of 2nd period - Sam Reinhart is hit by Dmitri Voronkov and loses puck.
16:17 of 2nd period - Pius Suter is hit by Brian Dumoulin and loses puck.
16:40 of 2nd period - Penalty to Carson Soucy is over, Carson Soucy is back on ice.
17:31 of 2nd period - Emil Heineman is hit by Tage Thompson and loses puck.
18:01 of 2nd period - Jean-Gabriel Pageau is hit by Sam Reinhart and loses puck.
18:52 of 2nd period - Erik Gudbranson is hit by Alexey Toropchenko and loses puck.
19:51 of 2nd period - Minor Penalty to Brian Dumoulin for Hooking.
19:52 of 2nd period - Pius Suter wins face-off versus Sam Reinhart in Pittsburgh Penguins zone.
19:59 of 2nd period - Snap shot by John-Jason Peterka.
19:59 of 2nd period - Shot Misses the Net.
Goals for this period are 0 for Pittsburgh Penguins vs 0 for Nashville Predators.
Shots for this period are 3 for Pittsburgh Penguins vs 9 for Nashville Predators.

3rd period


0:01 of 3rd period - Pius Suter wins face-off versus Mitchell Marner in neutral zone.
0:12 of 3rd period - Slapshot by John-Jason Peterka.
0:12 of 3rd period - Shot Blocked by Travis Sanheim.
0:14 of 3rd period - Snap shot by Matthew Tkachuk.
0:14 of 3rd period - Goal by Matthew Tkachuk - Pittsburgh Penguins : 2 - Nashville Predators : 2.
0:15 of 3rd period - Leon Draisaitl wins face-off versus Pius Suter in neutral zone.
0:18 of 3rd period - Pius Suter is hit by Leon Draisaitl and loses puck.
0:54 of 3rd period - Wrist shot by Mitchell Marner.
0:54 of 3rd period - Shot Blocked by Simon Benoit.
1:11 of 3rd period - Snap shot by Jack Roslovic.
1:11 of 3rd period - Stopped by Jordan Binnington without a rebound.
1:12 of 3rd period - Pius Suter wins face-off versus Tage Thompson in Pittsburgh Penguins zone.
1:27 of 3rd period - Snap shot by Pavel Buchnevich.
1:27 of 3rd period - Shot Blocked by Matthew Tkachuk.
1:29 of 3rd period - Snap shot by Pavel Buchnevich.
1:29 of 3rd period - Shot Blocked by Alex Pietrangelo.
1:58 of 3rd period - Christian Dvorak is hit by Emil Heineman and loses puck.
2:20 of 3rd period - Snap shot by Erik Karlsson.
2:20 of 3rd period - Deflect By Tage Thompson.
2:20 of 3rd period - Stopped by Anthony Stolarz with a rebound.
2:22 of 3rd period - Slapshot by Travis Sanheim.
2:22 of 3rd period - Stopped by Anthony Stolarz with a rebound.
2:24 of 3rd period - Slapshot by Tage Thompson.
2:24 of 3rd period - Stopped by Anthony Stolarz with a rebound.
2:26 of 3rd period - Slapshot by Erik Karlsson.
2:26 of 3rd period - Stopped by Anthony Stolarz with a rebound.
2:28 of 3rd period - Slapshot by Travis Sanheim.
2:28 of 3rd period - Shot Misses the Net.
3:45 of 3rd period - Snap shot by Christian Dvorak.
3:45 of 3rd period - Shot Misses the Net.
4:05 of 3rd period - Wrist shot by John-Jason Peterka.
4:05 of 3rd period - Stopped by Jordan Binnington with a rebound.
4:37 of 3rd period - Slapshot by Pavel Buchnevich.
4:37 of 3rd period - Stopped by Anthony Stolarz with a rebound.
4:39 of 3rd period - Slapshot by Erik Karlsson.
4:39 of 3rd period - Stopped by Anthony Stolarz with a rebound.
4:41 of 3rd period - Wrist shot by Tage Thompson.
4:41 of 3rd period - Stopped by Anthony Stolarz with a rebound.
4:43 of 3rd period - Slapshot by Travis Sanheim.
4:43 of 3rd period - Deflect By Emil Heineman.
4:43 of 3rd period - Goal by Travis Sanheim - Pittsburgh Penguins : 3 - Nashville Predators : 2.
4:44 of 3rd period - Tage Thompson wins face-off versus Pius Suter in neutral zone.
5:14 of 3rd period - Slapshot by Mitchell Marner.
5:14 of 3rd period - Shot Blocked by Simon Benoit.
5:38 of 3rd period - Wrist shot by Ryan O'Reilly.
5:38 of 3rd period - Shot Misses the Net.
5:40 of 3rd period - Slapshot by Brian Dumoulin.
5:40 of 3rd period - Shot Misses the Net.
6:36 of 3rd period - Leon Draisaitl is hit by Alexey Toropchenko and loses puck.
6:50 of 3rd period - Off-side.
6:51 of 3rd period - Ryan O'Reilly wins face-off versus Emil Heineman in neutral zone.
6:54 of 3rd period - Marco Kasper is hit by Carson Soucy.
7:00 of 3rd period - Ryan O'Reilly is hit by Marco Kasper and loses puck.
7:08 of 3rd period - Off-side.
7:09 of 3rd period - Tage Thompson wins face-off versus Pius Suter in neutral zone.
7:14 of 3rd period - Wrist shot by Pavel Buchnevich.
7:14 of 3rd period - Shot Blocked by Simon Benoit.
7:16 of 3rd period - Snap shot by Brian Dumoulin.
7:16 of 3rd period - Stopped by Anthony Stolarz with a rebound.
7:18 of 3rd period - Snap shot by Pavel Buchnevich.
7:18 of 3rd period - Deflect By John-Jason Peterka.
7:18 of 3rd period - Stopped by Anthony Stolarz without a rebound.
7:19 of 3rd period - Tage Thompson wins face-off versus Pius Suter in Nashville Predators zone.
7:20 of 3rd period - Snap shot by Pavel Buchnevich.
7:20 of 3rd period - Shot Misses the Net.
7:22 of 3rd period - Snap shot by Gabriel Vilardi.
7:22 of 3rd period - Shot Misses the Net.
7:24 of 3rd period - Slapshot by Gabriel Vilardi.
7:24 of 3rd period - Shot Misses the Net.
7:26 of 3rd period - Snap shot by Brian Dumoulin.
7:26 of 3rd period - Stopped by Anthony Stolarz without a rebound.
7:27 of 3rd period - Pius Suter wins face-off versus Tage Thompson in Nashville Predators zone.
7:39 of 3rd period - Snap shot by Tage Thompson.
7:39 of 3rd period - Stopped by Anthony Stolarz without a rebound.
7:40 of 3rd period - Leon Draisaitl wins face-off versus Jean-Gabriel Pageau in Nashville Predators zone.
7:49 of 3rd period - Snap shot by Leon Draisaitl.
7:49 of 3rd period - Shot Misses the Net.
7:51 of 3rd period - Wrist shot by Erik Karlsson.
7:51 of 3rd period - Stopped by Anthony Stolarz without a rebound.
7:52 of 3rd period - Pius Suter wins face-off versus Tage Thompson in Nashville Predators zone.
8:01 of 3rd period - Snap shot by Matthew Tkachuk.
8:01 of 3rd period - Shot Blocked by Erik Karlsson.
9:11 of 3rd period - Snap shot by Emil Heineman.
9:11 of 3rd period - Stopped by Jordan Binnington without a rebound.
9:12 of 3rd period - Pius Suter wins face-off versus Pavel Buchnevich in Pittsburgh Penguins zone.
9:21 of 3rd period - Wrist shot by Matthew Tkachuk.
9:21 of 3rd period - Shot Misses the Net.
9:23 of 3rd period - Slapshot by Pius Suter.
9:23 of 3rd period - Stopped by Jordan Binnington without a rebound.
9:24 of 3rd period - Jean-Gabriel Pageau wins face-off versus Leon Draisaitl in Pittsburgh Penguins zone.
9:29 of 3rd period - Snap shot by Dmitri Voronkov.
9:29 of 3rd period - Shot Misses the Net.
9:35 of 3rd period - Snap shot by Jean-Gabriel Pageau.
9:35 of 3rd period - Stopped by Jordan Binnington with a rebound.
9:37 of 3rd period - Snap shot by Jordan Spence.
9:37 of 3rd period - Deflect By Jean-Gabriel Pageau.
9:37 of 3rd period - Stopped by Jordan Binnington with a rebound.
9:53 of 3rd period - Alex Pietrangelo is hit by Gabriel Vilardi and loses puck.
11:11 of 3rd period - Snap shot by Phillip Danault.
11:11 of 3rd period - Shot Misses the Net.
11:27 of 3rd period - Snap shot by Dmitri Voronkov.
11:27 of 3rd period - Shot Misses the Net.
11:29 of 3rd period - Slapshot by Kris Letang.
11:29 of 3rd period - Shot Misses the Net.
11:42 of 3rd period - Icing by Tage Thompson.
11:43 of 3rd period - Tage Thompson wins face-off versus Marco Kasper in Pittsburgh Penguins zone.
11:43 of 3rd period - Tage Thompson is hit by Emil Heineman.
11:54 of 3rd period - Minor Penalty to Marco Kasper for Cross-checking.
11:55 of 3rd period - Tage Thompson wins face-off versus Pius Suter in Nashville Predators zone.
11:59 of 3rd period - Snap shot by Tage Thompson.
11:59 of 3rd period - Shot Misses the Net.
12:48 of 3rd period - Wrist shot by Eetu Luostarinen.
12:48 of 3rd period - Shot Misses the Net.
13:54 of 3rd period - Penalty to Marco Kasper is over, Marco Kasper is back on ice.
13:54 of 3rd period - Pavel Buchnevich is hit by Emil Heineman and loses puck.
14:11 of 3rd period - John-Jason Peterka is hit by Blake Coleman and loses puck.
14:25 of 3rd period - Icing by Yegor Chinakhov.
14:26 of 3rd period - Jean-Gabriel Pageau wins face-off versus Phillip Danault in Nashville Predators zone.
15:09 of 3rd period - Snap shot by Sam Reinhart.
15:09 of 3rd period - Shot Blocked by Alex Pietrangelo.
15:11 of 3rd period - Minor Penalty to Jordan Spence for Cross-checking.
15:12 of 3rd period - Pavel Buchnevich wins face-off versus Pius Suter in Nashville Predators zone.
15:13 of 3rd period - Snap shot by Gabriel Vilardi.
15:13 of 3rd period - Shot Misses the Net.
15:15 of 3rd period - Backhand shot by Brian Dumoulin.
15:15 of 3rd period - Shot Blocked by Kris Letang.
15:17 of 3rd period - Slapshot by Mattias Ekholm.
15:17 of 3rd period - Shot Misses the Net.
15:35 of 3rd period - Minor Penalty to Kris Letang for Roughing.
15:36 of 3rd period - Leon Draisaitl wins face-off versus Pius Suter in Nashville Predators zone.
15:45 of 3rd period - Snap shot by Leon Draisaitl.
15:45 of 3rd period - Shot Misses the Net.
16:01 of 3rd period - Rasmus Ristolainen is hit by Tage Thompson and loses puck.
17:11 of 3rd period - Penalty to Jordan Spence is over, Jordan Spence is back on ice.
17:35 of 3rd period - Penalty to Kris Letang is over, Kris Letang is back on ice.
17:41 of 3rd period - Wrist shot by Emil Heineman.
17:41 of 3rd period - Shot Misses the Net.
18:24 of 3rd period - Icing by Yegor Chinakhov.
18:25 of 3rd period - Jean-Gabriel Pageau wins face-off versus Tage Thompson in Nashville Predators zone.
18:32 of 3rd period - Nashville Predators, Anthony Stolarz is pulled from the net.
18:40 of 3rd period - Snap shot by Emil Heineman.
18:40 of 3rd period - Stopped by Jordan Binnington with a rebound.
19:08 of 3rd period - Snap shot by Ryan O'Reilly.
19:08 of 3rd period - Shot Misses the Net.
19:10 of 3rd period - Wrist shot by Blake Coleman.
19:10 of 3rd period - Shot Misses the Net.
19:20 of 3rd period - Snap shot by Ryan O'Reilly.
19:20 of 3rd period - Goal by Ryan O'Reilly - Pittsburgh Penguins : 4 - Nashville Predators : 2.
19:20 of 3rd period - Anthony Stolarz from Nashville Predators was sent back in the game.
19:21 of 3rd period - Jack Roslovic wins face-off versus Phillip Danault in neutral zone.
19:23 of 3rd period - Minor Penalty to Alexey Toropchenko for Tripping.
19:24 of 3rd period - Tage Thompson wins face-off versus Jean-Gabriel Pageau in Nashville Predators zone.
Goals for this period are 2 for Pittsburgh Penguins vs 1 for Nashville Predators.
Shots for this period are 14 for Pittsburgh Penguins vs 8 for Nashville Predators.